 Dungeon Crawl Stone Soup version 0.29.1-2-gbd0b4ee654 (webtiles) character file.

Game seed: 17207862908130336328

56 Sabo the Chopper (level 3, 0/51 HPs)
             Began as a Minotaur Berserker on Oct 26, 2022.
             Was a Believer of Trog.
             Slain by Terence
             ... wielding a +2 flail of holy wrath
              (4 damage)
             ... on level 2 of the Dungeon.
             The game lasted 00:05:54 (2165 turns).

Sabo the Chopper (Minotaur Berserker)               Turns: 2165, Time: 00:05:54

Health: 0/51       AC:  3    Str: 23    XL:     3   Next: 69%
Magic:  2/2        EV: 11    Int:  4    God:    Trog [**....]
Gold:   87         SH:  2    Dex:  9    Spells: 2/2 levels left

rFire   . . .      SeeInvis .   i - +0 war axe
rCold   . . .      Faith    .   g - +0 buckler
rNeg    . . .      Spirit   .   j - +0 leather armour
rPois   .          Reflect  .   (helmet restricted)
rElec   .          Harm     .   (no cloak)
rCorr   .          Rampage  .   (no gloves)
Will    .....                   (no boots)
Stlth   ..........              (no amulet)
HPRegen 0.17/turn               (no ring)
MPRegen 0.08/turn               (no ring)

@: berserking, very quick
A: horns 2, retaliatory headbutt
a: Renounce Religion, Berserk, Trog's Hand


You were on level 2 of the Dungeon.
You worshipped Trog.
Trog was pleased with you.
You visited 1 branch of the dungeon, and saw 2 of its levels.

You collected 87 gold pieces.

Inventory:

Hand Weapons
 a - a +0 sling
 i - a +0 war axe (weapon)
Armour
 g - a +0 buckler (worn)
 j - a +0 leather armour (worn)
Scrolls
 b - 2 scrolls of enchant armour {unknown}
 d - 3 scrolls of identify {unknown}
 e - 2 scrolls of teleportation {unknown}
 k - a scroll of silence {unknown}
Potions
 c - a potion of curing {unknown}
 f - a potion of degeneration {unknown}
 h - a potion of invisibility {unknown}
 l - 2 potions of heal wounds {unknown}


   Skills:
 + Level 4.3 Fighting
 + Level 4.5 Axes
 + Level 2.6 Armour
 + Level 2.8 Dodging
 + Level 0.4 Stealth


You had 2 spell levels left.
You didn't know any spells.
Your spell library was empty.

Dungeon Overview and Level Annotations

Branches:
Dungeon (2/15)

Altars:

Annotations:
D:2 Terence


Innate Abilities, Weirdness & Mutations

You have a pair of horns on your head.
You reflexively headbutt those who attack you in melee.


Message History

Trog accepts your kill.
You see here a frilled lizard corpse.
A goblin comes into view. It is wielding a +0 dagger.
The goblin shouts!
The goblin unwields a +0 dagger.
The goblin wields a +0 sling.
The goblin shoots a sling bullet.
The sling bullet barely misses you.
A giant cockroach comes into view.
The goblin shoots a sling bullet.
You block the sling bullet.
You hear a shout!
The goblin shoots a sling bullet.
The sling bullet hits you.
The goblin shoots a sling bullet.
The sling bullet hits you but does no damage.
The giant cockroach bites you but does no damage.
You closely miss the giant cockroach. You headbutt the giant cockroach.
You kill the giant cockroach!
Trog accepts your kill.
Terence the Incautious comes into view.
He is wielding a +2 flail of holy wrath.
The goblin shoots a sling bullet.
The sling bullet hits you.
The goblin unwields a +0 sling.
The goblin wields a +0 dagger.
The goblin hits you with a +0 dagger.
You barely miss the goblin. Your headbutt misses the goblin.
You closely miss Terence.
Terence hits you with a +2 flail of holy wrath!
The goblin hits you with a +0 dagger.
You closely miss the goblin. Your headbutt misses the goblin.
You hit Terence but do no damage. Terence barely misses you.
The goblin barely misses you. You furiously retaliate!
You headbutt the goblin.
Terence hits you with a +2 flail of holy wrath.
* * * LOW HITPOINT WARNING * * *
A red film seems to cover your vision as you go berserk!
You feel yourself moving faster!
You feel mighty! The goblin closely misses you. You furiously retaliate!
You headbutt the goblin!
You kill the goblin!
Trog accepts your kill.
Terence hits you with a +2 flail of holy wrath!
* * * LOW HITPOINT WARNING * * *
You barely miss Terence.
Terence hits you with a +2 flail of holy wrath.
You die...

#.......|.#
##.........#
.##.........#
#.##.........# ##### .
........... ...# .#
#.........#
######.######.#
#..........
#...........@.#
#..........
#..........@).#
#........#.
#.............#
#........#.
#.............#
#........#.
#..#############
#........## #.##
###...###........##
#†#
##................##
#.#
##......#########..#
#.#
###....############..#
#.####....###
#...........#


You could see Terence.

Vanquished Creatures
  A worm (D:2)
  4 dart slugs
  4 ball pythons (D:1)
  3 endoplasms
  4 giant cockroaches
  7 goblins
  2 hobgoblins
  2 quokkas (D:1)
  3 bats
  3 frilled lizards
  7 kobolds
  2 rats (D:1)
42 creatures vanquished.

Notes
Turn   | Place    | Note
-------+----------+-------------------------------------------
     0 | D:1      | Sabo the Minotaur Berserker began the quest for the Orb.
     0 | D:1      | Reached XP level 1. HP: 19/19 MP: 0/0
   591 | D:1      | Reached XP level 2. HP: 21/27 MP: 1/1
  1190 | D:1      | Found a faded altar of an unknown god.
  1245 | D:1      | Reached XP level 3. HP: 28/33 MP: 2/2
  1717 | D:2      | Reached ** piety under Trog
  2160 | D:2      | Noticed Terence
  2165 | D:2      | Slain by Terence

Illustrated notes

Levels and vault maps discovered:
D:1:      mrwooster_arrival_statue_2, layout_loops_ring,
          chequers_ecumenical_altar_simple
D:2:      layout_basic, serial_curves, eino_curves_02, eino_curves_02,
          uniq_terence, uniq_sigmund

Skill      XL: |  1  2 |
---------------+-------+-----
Axes           | 4 |  4.5
Fighting       | 4 |  4.3
Armour         | |  2.6
Dodging        | |  2.8
Stealth        | |  0.4

Action                   || total
-------------------------++-------
Melee: Hand axe          ||    36
       Headbutt          ||     8
       War axe           ||    42
Invok: Berserk           ||     1
Armor: Animal skin       ||     7
       Leather armour    ||     4
Dodge: Dodged            ||    41
Block: Buckler           ||     6
